 Dungeon Crawl Stone Soup version 0.16-a0-1243-g6e0463c (webtiles) character file.

435 Herrn the Skirmisher (level 7, -1/44 HPs)
             Began as a Gargoyle Fighter on Oct 13, 2014.
             Slain by Prince Ribbit (3 damage)
             ... on level 4 of the Dungeon.
             The game lasted 00:09:53 (2862 turns).

Herrn the Skirmisher (Gargoyle Fighter)             Turns: 2862, Time: 00:09:53

Health: -1/44      AC: 14    Str: 20    XL:     7   Next: 0%
Magic:  7/7        EV: 10    Int:  9    God:
Gold:   228        SH: 10    Dex: 15    Spells: 0 memorised, 6 levels left

rFire  . . .     SeeInvis .     e - +2 hand axe (chop)
rCold  . . .     Clarity  .     m - +0 chain mail
rNeg   + . .     SustAb   .     c - +0 shield
rPois  +         Gourm    .     (no helmet)
rElec  +         Spirit   .     (no cloak)
rCorr  .         Warding  .     (no gloves)
rMut   .         Stasis   .     (no boots)
MR     .....                    (no amulet)
Stlth  ..........               (no ring)
                                (no ring)

@: agile, not resistant to hostile enchantments, extremely unstealthy
A: negative energy resistance 1, electricity resistance, unbreathing,
petrification resistance, rot immunity, AC +4
a: no special abilities


You were on level 4 of the Dungeon.
You were hungry.

You visited 1 branch of the dungeon, and saw 4 of its levels.

You collected 228 gold pieces.

Inventory:

Hand weapons
 a - a +0 war axe
 e - a +2 hand axe of chopping (weapon)
Armour
 b - a +0 scale mail
 c - a +0 shield (worn)
 m - a +0 chain mail (worn)
Scrolls
 f - 4 scrolls of teleportation {unknown}
 h - a scroll of immolation {unknown}
 i - a scroll of blinking {unknown}
 l - a scroll of fear {unknown}
 o - a scroll of noise {unknown}
 t - 2 scrolls of identify {unknown}
Potions
 r - 2 potions of cure mutation
Comestibles
 d - 2 bread rations
 g - 4 meat rations
 j - a royal jelly
 q - 4 fruits
 s - a slice of pizza


   Skills:
 * Level 5.0 Fighting
 * Level 3.5 Axes
 + Level 4.3 Armour
 + Level 2.2 Dodging
 + Level 4.5 Shields


You had 6 spell levels left.
You didn't know any spells.

Dungeon Overview and Level Annotations

Branches:
Dungeon (4/15)
 Temple: D:4-7

Altars:
Dithmenos
Gozag

Annotations:
D:4 Prince Ribbit


Innate Abilities, Weirdness & Mutations

You are resistant to torment.
You are immune to poison.
Your stone body is very resilient (AC +4).
You resist negative energy.
You are resistant to electric shocks.
You can survive without breathing.
You are immune to petrification.
You are immune to rotting.


Message History

* * * LOW HITPOINT WARNING * * *
Drink which item? (? for menu, Esc to quit)
Okay, then.
Unknown command.
Prince Ribbit hits you but does no damage.
Prince Ribbit blinks!
Prince Ribbit blinks!
You block Prince Ribbit's attack.
Prince Ribbit momentarily phases out as your attack passes through him.
Prince Ribbit is heavily wounded.
Prince Ribbit barely misses you. You block Prince Ribbit's attack.
You miss Prince Ribbit.
Prince Ribbit is heavily wounded.
Prince Ribbit hits you!
* * * LOW HITPOINT WARNING * * *
Prince Ribbit catches a mosquito with his tongue.
You block Prince Ribbit's attack.
Prince Ribbit hops awkwardly around.
Prince Ribbit hits you.
You die...

########### #.........#
#.........# #..####F..#
#..#.[#.@.#
##..#..#P..#
#...##)#...#
#..........##########
#...................#
#....[....###########.#
#.######### #.# #.
#.###### #
#########.......


You could see Prince Ribbit.

Vanquished Creatures
  The ghost of nht the Insei, an average MfTm of Okawaru (D:3)
  Sigmund (D:2)
  An orc wizard (D:3)
  Terence (D:2)
  6 adders
  A giant gecko (D:2)
  An ooze (D:1)
  8 orcs
  6 giant cockroaches
  13 hobgoblins
  2 jackals (D:1)
  8 kobolds
  3 quokkas
  2 ball pythons
  11 bats
  7 giant newts
  2 goblins (D:1)
  8 rats
82 creatures vanquished.

Notes
Turn   | Place    | Note
--------------------------------------------------------------
     0 | D:1      | Herrn, the Gargoyle Fighter, began the quest for the Orb.
     0 | D:1      | Reached XP level 1. HP: 14/14 MP: 1/1
    82 | D:1      | Reached XP level 2. HP: 17/19 MP: 2/2
   678 | D:2      | Reached XP level 3. HP: 24/24 MP: 3/3
   679 | D:2      | Noticed Sigmund
  1002 | D:2      | Killed Sigmund
  1002 | D:2      | Reached skill level 4 in Fighting
  1002 | D:2      | Reached XP level 4. HP: 28/30 MP: 4/4
  1048 | D:2      | Reached skill level 1 in Dodging
  1072 | D:2      | Noticed Terence
  1085 | D:2      | Killed Terence
  1085 | D:2      | Reached XP level 5. HP: 26/34 MP: 5/5
  1223 | D:2      | Found an opulent altar of Gozag.
  1710 | D:3      | Noticed nht's ghost (average MfTm)
  1749 | D:3      | HP: 1/34 [nht's ghost (5)]
  1774 | D:3      | Killed nht's ghost
  1774 | D:3      | Reached XP level 6. HP: 9/40 MP: 6/6
  2394 | D:3      | Reached skill level 5 in Fighting
  2570 | D:3      | Found a shadowy altar of Dithmenos.
  2708 | D:3      | Reached XP level 7. HP: 44/44 MP: 7/7
  2820 | D:4      | Noticed Prince Ribbit
  2859 | D:4      | HP: 1/44 [Prince Ribbit (7)]
  2862 | D:4      | Slain by Prince Ribbit

Action                   |  1- 3 |  4- 6 |  7- 9 || total
-------------------------+-------+-------+-------++-------
Melee: War axe           |    71 |    21 |       ||    92
       Hand axe          |       |   169 |    22 ||   191
  Use: Potion            |     1 |     7 |     3 ||    11
  Eat: Chunk             |       |     6 |       ||     6
